San Jose Sharks vs Vancouver Canucks
Created - Monday, December 11, 2023 at 07:19
Goals
|
| San Jose Sharks |
0 |
2 |
4 |
6 |
| Vancouver Canucks |
0 |
1 |
0 |
1 |
|
Shots
|
| San Jose Sharks |
7 |
13 |
15 |
35 |
| Vancouver Canucks |
11 |
9 |
15 |
35 |
|
1st period
No Goal
Penalties :
Jesperi Kotkaniemi (VAN) for Holding Stick (Minor) at 4:05, Mikko Rantanen (VAN) for Hooking (Minor) at 9:39
2nd period
1. Vancouver Canucks , Kasperi Kapanen 14 (Jesperi Kotkaniemi 33, Clayton Keller 34) at 6:31 (PP)
2. San Jose Sharks , Adam Henrique 32 (Alex Iafallo 39, Ryan Hartman 46) at 9:05
3. San Jose Sharks , Ryan Strome 26 (Oliver Bjorkstrand 35, Michael Bunting 16) at 9:54
Penalties :
Mikko Rantanen (VAN) for Fighting (Major) at 3:07, William Karlsson (SJS) for Fighting (Major) at 3:07, William Karlsson (SJS) for instigated a fight (Minor) at 3:07, William Karlsson (SJS) for instigated a fight (10 Minutes Misconduct) at 3:07, Michael Bunting (SJS) for Interference (Minor) at 5:46, Ty Dellandrea (VAN) for Interference (Minor) at 17:14
3rd period
4. San Jose Sharks , Andreas Athanasiou 17 (Anthony Deangelo 19, Travis Boyd 9) at 2:30
5. San Jose Sharks , William Karlsson 19 (Ryan Strome 23, Oliver Bjorkstrand 36) at 2:38
6. San Jose Sharks , Ryan Hartman 21 (Alex Iafallo 40, Nikita Zadorov 25) at 7:53 (PP)
7. San Jose Sharks , Adam Henrique 33 (Ryan Hartman 47, Alex Iafallo 41) at 12:31 (PP)
Penalties :
Anthony Deangelo (SJS) for Interference (Minor) at 5:49, Anton Lundell (VAN) for Elbowing (Minor) at 7:07, Mikko Rantanen (VAN) for Fighting (Major) at 8:29, Connor Murphy (SJS) for Fighting (Major) at 8:29, Clayton Keller (VAN) for Tripping (Minor) at 10:42, Sam Lafferty (VAN) for Fighting (Major) at 18:12, Connor Murphy (SJS) for Fighting (Major) at 18:12, Adam Boqvist (VAN) for Tripping (Minor) at 19:36
Goalie Stats
James Reimer (SJS), 34 saves from 35 shots - (0.971), W, 6-4-0, 60:00 minutes
Ville Husso (VAN), 29 saves from 35 shots - (0.829), L, 16-15-5, 60:00 minutes
Players Stats for San Jose Sharks
Player Name G A P +/- PIM S H SB GA TA FO MP PP MP PK MP
------------------------------------------------------------------------------------
Adam Henrique 2 0 2 1 0 5 0 0 1 1 11/26 20:04 4:52 1:49
Alex Iafallo 0 3 3 1 0 3 0 0 1 0 1/4 20:19 4:57 2:10
Andreas Athanasiou 1 0 1 1 0 2 0 0 1 0 0/0 13:09 0:00 0:00
Anthony Deangelo 0 1 1 1 2 1 1 0 1 2 0/0 22:30 5:23 1:03
Connor Murphy 0 0 0 2 10 0 3 1 0 0 0/0 12:26 0:00 0:03
Danton Heinen 0 0 0 0 0 1 0 0 1 0 0/0 8:22 0:00 0:26
Derek Forbort 0 0 0 1 0 0 0 1 0 0 0/0 20:03 2:51 0:00
Jacob Middleton 0 0 0 2 0 1 0 1 0 1 0/0 22:20 5:23 2:56
Joel Edmundson 0 0 0 1 0 1 5 0 0 0 0/0 18:58 0:00 2:21
Michael Bunting 0 1 1 1 2 2 4 0 1 0 3/6 11:32 0:45 0:00
Mike Hoffman 0 0 0 0 0 1 1 0 0 0 0/0 9:27 0:00 0:59
Nicholas Paul 0 0 0 1 0 3 2 0 0 0 4/7 13:36 0:00 0:19
Nikita Zadorov 0 1 1 1 0 1 2 2 0 1 0/0 23:45 2:56 1:41
Oliver Bjorkstrand 0 2 2 2 0 7 0 1 0 1 0/0 16:18 3:17 0:00
Ryan Hartman 1 2 3 1 0 3 1 0 0 0 0/1 19:56 4:57 1:47
Ryan Strome 1 1 2 2 0 2 1 2 0 1 2/3 16:18 3:17 0:00
Travis Boyd 0 1 1 1 0 0 1 0 0 0 0/0 13:09 0:00 0:00
William Karlsson 1 0 1 1 17 2 0 0 0 1 8/15 13:00 2:32 0:34
Players Stats for Vancouver Canucks
Player Name G A P +/- PIM S H SB GA TA FO MP PP MP PK MP
------------------------------------------------------------------------------------
Adam Boqvist 0 0 0 0 2 2 1 0 0 0 0/0 14:12 0:00 0:00
Anton Lundell 0 0 0 0 2 1 0 0 0 0 2/4 13:11 1:06 2:23
Artturi Lehkonen 0 0 0 -1 0 3 1 0 1 0 1/1 23:06 1:26 5:17
Casey Mittelstadt 0 0 0 -3 0 1 2 0 1 0 1/1 13:55 1:25 2:49
Clayton Keller 0 1 1 -1 2 5 3 1 0 0 2/6 17:40 2:36 0:05
Jake Bean 0 0 0 0 0 0 3 2 0 0 0/0 21:18 2:56 3:27
Jesperi Kotkaniemi 0 1 1 -3 2 0 1 0 0 0 4/9 12:07 2:36 0:00
Kasperi Kapanen 1 0 1 0 0 4 2 1 0 0 0/0 15:05 1:35 0:00
Maxence Guenette 0 0 0 0 0 0 0 1 1 1 0/0 10:14 0:00 0:00
Mikko Rantanen 0 0 0 -1 12 4 1 0 2 1 10/17 17:29 0:48 1:04
Miro Heiskanen 0 0 0 -4 0 4 1 1 0 0 0/0 28:44 2:56 3:32
Noah Cates 0 0 0 0 0 0 0 0 0 0 0/0 7:59 0:00 0:00
Noah Hanifin 0 0 0 -4 0 4 1 2 1 3 0/0 27:42 1:06 4:47
Olli Maatta 0 0 0 0 0 1 2 1 0 0 0/0 16:18 1:06 4:42
Robby Fabbri 0 0 0 0 0 2 0 0 1 0 0/0 13:55 0:04 0:00
Sam Lafferty 0 0 0 -3 5 1 1 1 1 0 6/11 15:39 0:00 4:50
Taylor Raddysh 0 0 0 0 0 1 1 0 0 0 0/0 8:06 0:00 0:00
Ty Dellandrea 0 0 0 0 2 2 1 0 0 1 7/13 14:16 0:29 0:00
3 Stars
1 - James Reimer (SJS)
2 - Ryan Hartman (SJS)
3 - Adam Henrique (SJS)
Power Play
San Jose Sharks - 2 on 6 Attempt(s) - 33.33%
Vancouver Canucks - 1 on 3 Attempt(s) - 33.33%
Penalty Kill
San Jose Sharks - 2 on 3 Attempt(s) - 66.67%
- Score 0 goal in Penalty Kill
Vancouver Canucks - 4 on 6 Attempt(s) - 66.67%
- Score 0 goal in Penalty Kill
Team Stat
San Jose Sharks - Hits : 21 - Faceoff Wins : 29 - Blocked Shots : 8 - Penalty Minutes : 31
Vancouver Canucks - Hits : 21 - Faceoff Wins : 33 - Blocked Shots : 10 - Penalty Minutes : 27
Official
Referees : Brad Watson and Eric Furlatt
Linesman : Brandon Gawryletz and Brad Lazarowich
Game Notes
3:02 of 2nd period - San Jose Sharks goal is going for a video replay. After video review, No Goal. The puck has been kicked using a distinct kicking motion.
Mikko Rantanen and William Karlsson fight to a draw at 3:07 of 2nd period
Connor Murphy beats up Mikko Rantanen at 8:29 of 3rd period
Connor Murphy beats up Sam Lafferty at 18:12 of 3rd period
Finance
Level 1 -- Attendance: 4380 (73.00%) -- Ticket Income $433,620
Level 2 -- Attendance: 4043 (80.86%) -- Ticket Income $238,537
Level 3 -- Attendance: 2205 (73.50%) -- Ticket Income $74,970
Level 4 -- Attendance: 3521 (70.42%) -- Ticket Income $84,504
Luxury Box -- Attendance: 753 (75.30%) -- Ticket Income $149,847
Game was played at the Rogers Arena.
Total Attendance: 14902 (74.51%)
Total Ticket Income: $981,478
Other Income: $343,517
Total Income: $1,324,995
San Jose Sharks
5 vs 5 Forward
Center Left Wing Right Wing Time % Phy DF OF
1 Adam Henrique Alex Iafallo Ryan Hartman 30 1 2 2
2 William Karlsson Oliver Bjorkstrand Ryan Strome 30 1 2 2
3 Nicholas Paul Andreas Athanasiou Travis Boyd 25 1 2 2
4 Mike Hoffman Michael Bunting Danton Heinen 15 1 2 2
5 vs 5 Defense
Defense Defense Time % Phy DF OF
1 Derek Forbort Nikita Zadorov 35 1 2 2
2 Joel Edmundson Anthony Deangelo 35 1 2 2
3 Jacob Middleton Connor Murphy 30 1 2 2
4 Derek Forbort Joel Edmundson 0 1 2 2
PowerPlay Forward
Center Left Wing Right Wing Time % Phy DF OF
1 Adam Henrique Alex Iafallo Ryan Hartman 50 1 2 2
2 William Karlsson Oliver Bjorkstrand Ryan Strome 50 1 2 2
PowerPlay Defense
Defense Defense Time % Phy DF OF
1 Derek Forbort Nikita Zadorov 50 1 2 2
2 Jacob Middleton Anthony Deangelo 50 1 2 2
Penalty Kill 4 Players Forward
Center Wing Time % Phy DF OF
1 Adam Henrique William Karlsson 50 1 2 2
2 Alex Iafallo Ryan Hartman 50 1 2 2
Penalty Kill 4 Players Defense
Defense Defense Time % Phy DF OF
1 Anthony Deangelo Nikita Zadorov 50 1 2 2
2 Jacob Middleton Joel Edmundson 50 1 2 2
Penalty Kill - 3 Players Forward
Forward Time % Phy DF OF
1 Adam Henrique 50 1 2 2
2 William Karlsson 50 1 2 2
Penalty Kill - 3 Players Defense
Defense Defense Time % Phy DF OF
1 Derek Forbort Jacob Middleton 50 1 2 2
2 Nikita Zadorov Anthony Deangelo 50 1 2 2
4 vs 4 Forward
Center Wing Time % Phy DF OF
1 Adam Henrique William Karlsson 50 1 2 2
2 Alex Iafallo Ryan Hartman 50 1 2 2
4 vs 4 Defense
Defense Defense Time % Phy DF OF
1 Nikita Zadorov Joel Edmundson 50 1 2 2
2 Anthony Deangelo Jacob Middleton 50 1 2 2
Last Minutes Offensive
Center Left Wing Right Wing Defense Defense
Adam Henrique Alex Iafallo Ryan Hartman Derek Forbort Nikita Zadorov
Last Minutes Defensive
Center Left Wing Right Wing Defense Defense
Adam Henrique Alex Iafallo Ryan Hartman Derek Forbort Nikita Zadorov
Goaltenders
Starting : James Reimer
Backup : Logan Thompson
Extra Forwards
Normal : Michael Bunting, Andreas Athanasiou, Mike Hoffman - PP : Michael Bunting, Andreas Athanasiou - PK : Mike Hoffman
Extra Defensemen
Normal : Nikita Zadorov, Jacob Middleton, Anthony Deangelo - PP : Nikita Zadorov - PK : Jacob Middleton, Nikita Zadorov
Penalty Shots
Adam Henrique, William Karlsson, Alex Iafallo, Ryan Hartman, Ryan Strome
Vancouver Canucks
5 vs 5 Forward
Center Left Wing Right Wing Time % Phy DF OF
1 Mikko Rantanen Clayton Keller Artturi Lehkonen 40 0 1 4
2 Ty Dellandrea Robby Fabbri Kasperi Kapanen 30 1 2 2
3 Jesperi Kotkaniemi Casey Mittelstadt Sam Lafferty 20 1 2 2
4 Anton Lundell Noah Cates Taylor Raddysh 10 1 2 2
5 vs 5 Defense
Defense Defense Time % Phy DF OF
1 Noah Hanifin Miro Heiskanen 40 1 2 2
2 Jake Bean Adam Boqvist 30 1 2 2
3 Maxence Guenette Olli Maatta 20 1 2 2
4 Noah Hanifin Miro Heiskanen 10 1 2 2
PowerPlay Forward
Center Left Wing Right Wing Time % Phy DF OF
1 Jesperi Kotkaniemi Clayton Keller Mikko Rantanen 60 0 1 4
2 Casey Mittelstadt Anton Lundell Artturi Lehkonen 40 0 1 4
PowerPlay Defense
Defense Defense Time % Phy DF OF
1 Miro Heiskanen Jake Bean 60 0 1 4
2 Noah Hanifin Olli Maatta 40 0 1 4
Penalty Kill 4 Players Forward
Center Wing Time % Phy DF OF
1 Sam Lafferty Artturi Lehkonen 60 1 3 1
2 Casey Mittelstadt Anton Lundell 40 1 3 1
Penalty Kill 4 Players Defense
Defense Defense Time % Phy DF OF
1 Noah Hanifin Olli Maatta 60 1 3 1
2 Miro Heiskanen Jake Bean 40 1 3 1
Penalty Kill - 3 Players Forward
Forward Time % Phy DF OF
1 Anton Lundell 60 1 3 1
2 Sam Lafferty 40 1 3 1
Penalty Kill - 3 Players Defense
Defense Defense Time % Phy DF OF
1 Noah Hanifin Olli Maatta 60 1 3 1
2 Miro Heiskanen Jake Bean 40 1 3 1
4 vs 4 Forward
Center Wing Time % Phy DF OF
1 Clayton Keller Mikko Rantanen 60 1 2 2
2 Anton Lundell Artturi Lehkonen 40 1 2 2
4 vs 4 Defense
Defense Defense Time % Phy DF OF
1 Miro Heiskanen Noah Hanifin 60 1 2 2
2 Olli Maatta Jake Bean 40 1 2 2
Last Minutes Offensive
Center Left Wing Right Wing Defense Defense
Anton Lundell Clayton Keller Mikko Rantanen Miro Heiskanen Noah Hanifin
Last Minutes Defensive
Center Left Wing Right Wing Defense Defense
Sam Lafferty Anton Lundell Artturi Lehkonen Noah Hanifin Olli Maatta
Goaltenders
Starting : Ville Husso
Backup : Joonas Korpisalo
Extra Forwards
Normal : Mikko Rantanen, Anton Lundell, Artturi Lehkonen - PP : Clayton Keller, Kasperi Kapanen - PK : Mikko Rantanen
Extra Defensemen
Normal : Miro Heiskanen, Noah Hanifin, Olli Maatta - PP : Jake Bean - PK : Noah Hanifin, Adam Boqvist
Penalty Shots
Miro Heiskanen, Anton Lundell, Jesperi Kotkaniemi, Artturi Lehkonen, Mikko Rantanen
% Time on Ice - San Jose Sharks
Lines # - Real PCT - Wanted PCT - Time Play
Normal Forward
1 - 28% - 30% - 13:05
2 - 28% - 30% - 13:01
3 - 28% - 25% - 13:09
4 - 17% - 15% - 7:48
Normal Defense
1 - 35% - 35% - 16:14
2 - 34% - 35% - 15:58
3 - 30% - 30% - 13:53
4 - 2% - 0% - 0:58
PP Forward
1 - 59% - 50% - 4:52
2 - 41% - 50% - 3:22
PP Defense
1 - 35% - 50% - 2:51
2 - 65% - 50% - 5:23
PK Forward
1 - 56% - 50% - 2:15
2 - 44% - 50% - 1:47
PK Defense
1 - 42% - 50% - 1:41
2 - 58% - 50% - 2:21
PK3 Forward
1 - 0% - 50%
2 - 0% - 50%
PK3 Defense
1 - 0% - 50%
2 - 0% - 50%
44 Forward
1 - 63% - 50% - 0:26
2 - 37% - 50% - 0:15
44 Defense
1 - 63% - 50% - 0:26
2 - 37% - 50% - 0:15
Last Minute Offensive - 0:00
Last Minute Defensive - 0:00
Total
Forward - 60:00
Defense - 60:00
|
% Time on Ice - Vancouver Canucks
Lines # - Real PCT - Wanted PCT - Time Play
Normal Forward
1 - 36% - 40% - 16:46
2 - 29% - 30% - 13:30
3 - 19% - 20% - 8:48
4 - 17% - 10% - 7:59
Normal Defense
1 - 41% - 40% - 19:24
2 - 32% - 30% - 15:11
3 - 24% - 20% - 11:09
4 - 3% - 10% - 1:19
PP Forward
1 - 76% - 60% - 3:05
2 - 24% - 40% - 0:57
PP Defense
1 - 73% - 60% - 2:56
2 - 27% - 40% - 1:06
PK Forward
1 - 74% - 60% - 6:07
2 - 26% - 40% - 2:07
PK Defense
1 - 58% - 60% - 4:47
2 - 42% - 40% - 3:27
PK3 Forward
1 - 0% - 60%
2 - 0% - 40%
PK3 Defense
1 - 0% - 60%
2 - 0% - 40%
44 Forward
1 - 100% - 60% - 0:41
2 - 0% - 40% - 0:00
44 Defense
1 - 100% - 60% - 0:41
2 - 0% - 40% - 0:00
Last Minute Offensive - 0:00
Last Minute Defensive - 0:00
Total
Forward - 60:00
Defense - 60:00
|
Play-by-Play
1st period
0:01 of 1st period - Clayton Keller wins face-off versus Adam Henrique in neutral zone.
0:06 of 1st period - Snap shot by Mikko Rantanen.
0:06 of 1st period - Stopped by James Reimer with a rebound.
0:08 of 1st period - Snap shot by Artturi Lehkonen.
0:08 of 1st period - Shot Misses the Net.
0:10 of 1st period - Slapshot by Noah Hanifin.
0:10 of 1st period - Shot Blocked by Nikita Zadorov.
0:12 of 1st period - Slapshot by Miro Heiskanen.
0:12 of 1st period - Stopped by James Reimer with a rebound.
0:14 of 1st period - Slapshot by Noah Hanifin.
0:14 of 1st period - Shot Misses the Net.
2:27 of 1st period - Slapshot by Michael Bunting.
2:27 of 1st period - Stopped by Ville Husso with a rebound.
2:29 of 1st period - Wrist shot by Danton Heinen.
2:29 of 1st period - Shot Misses the Net.
2:31 of 1st period - Snap shot by Anthony Deangelo.
2:31 of 1st period - Shot Blocked by Miro Heiskanen.
2:33 of 1st period - Slapshot by Joel Edmundson.
2:33 of 1st period - Stopped by Ville Husso without a rebound.
2:34 of 1st period - William Karlsson wins face-off versus Ty Dellandrea in Vancouver Canucks zone.
3:01 of 1st period - Jake Bean is hit by Connor Murphy and loses puck.
3:20 of 1st period - Maxence Guenette is hit by Travis Boyd and loses puck.
3:42 of 1st period - Snap shot by Robby Fabbri.
3:42 of 1st period - Stopped by James Reimer with a rebound.
3:44 of 1st period - Slapshot by Noah Hanifin.
3:44 of 1st period - Stopped by James Reimer with a rebound.
3:46 of 1st period - Slapshot by Olli Maatta.
3:46 of 1st period - Shot Blocked by Jacob Middleton.
3:48 of 1st period - Slapshot by Olli Maatta.
3:48 of 1st period - Shot Misses the Net.
3:50 of 1st period - Wrist shot by Robby Fabbri.
3:50 of 1st period - Stopped by James Reimer with a rebound.
4:02 of 1st period - Slapshot by Oliver Bjorkstrand.
4:02 of 1st period - Stopped by Ville Husso without a rebound.
4:03 of 1st period - Jesperi Kotkaniemi wins face-off versus Adam Henrique in Vancouver Canucks zone.
4:05 of 1st period - Minor Penalty to Jesperi Kotkaniemi for Holding Stick.
4:06 of 1st period - Sam Lafferty wins face-off versus Adam Henrique in Vancouver Canucks zone.
4:41 of 1st period - Wrist shot by Casey Mittelstadt.
4:41 of 1st period - Stopped by James Reimer with a rebound.
4:43 of 1st period - Backhand shot by Noah Hanifin.
4:43 of 1st period - Shot Blocked by Derek Forbort.
4:45 of 1st period - Snap shot by Olli Maatta.
4:45 of 1st period - Stopped by James Reimer without a rebound.
4:46 of 1st period - Sam Lafferty wins face-off versus Adam Henrique in San Jose Sharks zone.
4:47 of 1st period - Slapshot by Artturi Lehkonen.
4:47 of 1st period - Deflect By Sam Lafferty.
4:47 of 1st period - Stopped by James Reimer with a rebound.
5:19 of 1st period - Snap shot by Adam Henrique.
5:19 of 1st period - Shot Blocked by Noah Hanifin.
5:21 of 1st period - Snap shot by Ryan Hartman.
5:21 of 1st period - Shot Misses the Net.
6:05 of 1st period - Penalty to Jesperi Kotkaniemi is over, Jesperi Kotkaniemi is back on ice.
6:29 of 1st period - Snap shot by Miro Heiskanen.
6:29 of 1st period - Stopped by James Reimer without a rebound.
6:30 of 1st period - William Karlsson wins face-off versus Ty Dellandrea in San Jose Sharks zone.
6:39 of 1st period - Snap shot by Robby Fabbri.
6:39 of 1st period - Shot Misses the Net.
6:42 of 1st period - Icing by Nikita Zadorov.
6:43 of 1st period - Ty Dellandrea wins face-off versus William Karlsson in San Jose Sharks zone.
6:56 of 1st period - Slapshot by Kasperi Kapanen.
6:56 of 1st period - Stopped by James Reimer with a rebound.
6:58 of 1st period - Wrist shot by Noah Hanifin.
6:58 of 1st period - Deflect By Kasperi Kapanen.
6:58 of 1st period - Stopped by James Reimer without a rebound.
6:59 of 1st period - Mikko Rantanen wins face-off versus Adam Henrique in San Jose Sharks zone.
7:51 of 1st period - Jacob Middleton is hit by Kasperi Kapanen and loses puck.
8:24 of 1st period - Snap shot by Nicholas Paul.
8:24 of 1st period - Stopped by Ville Husso with a rebound.
9:39 of 1st period - Minor Penalty to Mikko Rantanen for Hooking.
9:40 of 1st period - William Karlsson wins face-off versus Sam Lafferty in Vancouver Canucks zone.
9:46 of 1st period - Wrist shot by Oliver Bjorkstrand.
9:46 of 1st period - Shot Misses the Net.
9:48 of 1st period - Slapshot by Oliver Bjorkstrand.
9:48 of 1st period - Stopped by Ville Husso without a rebound.
9:49 of 1st period - William Karlsson wins face-off versus Sam Lafferty in Vancouver Canucks zone.
9:50 of 1st period - Wrist shot by Oliver Bjorkstrand.
9:50 of 1st period - Stopped by Ville Husso without a rebound.
9:51 of 1st period - Sam Lafferty wins face-off versus William Karlsson in Vancouver Canucks zone.
10:00 of 1st period - Snap shot by Oliver Bjorkstrand.
10:00 of 1st period - Shot Misses the Net.
10:16 of 1st period - Derek Forbort is hit by Olli Maatta and loses puck.
11:39 of 1st period - Penalty to Mikko Rantanen is over, Mikko Rantanen is back on ice.
13:54 of 1st period - Olli Maatta is hit by Michael Bunting and loses puck.
14:07 of 1st period - Olli Maatta is hit by Joel Edmundson.
14:49 of 1st period - Alex Iafallo is hit by Casey Mittelstadt and loses puck.
15:11 of 1st period - Noah Hanifin is hit by Connor Murphy and loses puck.
15:55 of 1st period - Olli Maatta is hit by Nikita Zadorov and loses puck.
16:02 of 1st period - Adam Henrique is hit by Olli Maatta.
16:48 of 1st period - Kasperi Kapanen is hit by Ryan Hartman and loses puck.
17:43 of 1st period - Noah Hanifin is hit by Michael Bunting and loses puck.
18:10 of 1st period - Artturi Lehkonen is hit by Michael Bunting and loses puck.
18:19 of 1st period - Olli Maatta is hit by Mike Hoffman and loses puck.
18:28 of 1st period - Anthony Deangelo is hit by Mikko Rantanen and loses puck.
18:51 of 1st period - Slapshot by Artturi Lehkonen.
18:51 of 1st period - Shot Misses the Net.
18:53 of 1st period - Wrist shot by Sam Lafferty.
18:53 of 1st period - Shot Misses the Net.
19:01 of 1st period - Snap shot by Michael Bunting.
19:01 of 1st period - Shot Misses the Net.
19:03 of 1st period - Snap shot by Danton Heinen.
19:03 of 1st period - Shot Blocked by Maxence Guenette.
19:05 of 1st period - Snap shot by Mike Hoffman.
19:05 of 1st period - Stopped by Ville Husso with a rebound.
19:07 of 1st period - Snap shot by Michael Bunting.
19:07 of 1st period - Shot Misses the Net.
19:09 of 1st period - Snap shot by Danton Heinen.
19:09 of 1st period - Deflect By Artturi Lehkonen.
19:09 of 1st period - Shot Misses the Net.
19:09 of 1st period - Puck is out of play.
19:10 of 1st period - Ty Dellandrea wins face-off versus Adam Henrique in Vancouver Canucks zone.
19:53 of 1st period - Ryan Strome is hit by Jake Bean.
Goals for this period are 0 for San Jose Sharks vs 0 for Vancouver Canucks.
Shots for this period are 7 for San Jose Sharks vs 11 for Vancouver Canucks.
2nd period
0:01 of 2nd period - Ty Dellandrea wins face-off versus Adam Henrique in neutral zone.
0:31 of 2nd period - Slapshot by William Karlsson.
0:31 of 2nd period - Stopped by Ville Husso without a rebound.
0:32 of 2nd period - William Karlsson wins face-off versus Jesperi Kotkaniemi in Vancouver Canucks zone.
0:37 of 2nd period - Slapshot by Oliver Bjorkstrand.
0:37 of 2nd period - Shot Blocked by Jake Bean.
0:39 of 2nd period - Snap shot by Oliver Bjorkstrand.
0:39 of 2nd period - Stopped by Ville Husso without a rebound.
0:40 of 2nd period - Sam Lafferty wins face-off versus William Karlsson in Vancouver Canucks zone.
0:49 of 2nd period - Snap shot by Jesperi Kotkaniemi.
0:49 of 2nd period - Deflect By Sam Lafferty.
0:49 of 2nd period - Shot Blocked by Ryan Strome.
0:49 of 2nd period - Puck is out of play.
0:50 of 2nd period - Artturi Lehkonen wins face-off versus Adam Henrique in San Jose Sharks zone.
1:03 of 2nd period - Snap shot by Ryan Hartman.
1:03 of 2nd period - Deflect By Adam Henrique.
1:03 of 2nd period - Shot Blocked by Clayton Keller.
1:03 of 2nd period - Puck is out of play.
1:04 of 2nd period - Ty Dellandrea wins face-off versus Nicholas Paul in Vancouver Canucks zone.
1:15 of 2nd period - Snap shot by Andreas Athanasiou.
1:15 of 2nd period - Shot Misses the Net.
2:02 of 2nd period - Oliver Bjorkstrand is hit by Jesperi Kotkaniemi and loses puck.
2:21 of 2nd period - Snap shot by Mike Hoffman.
2:21 of 2nd period - Shot Misses the Net.
2:23 of 2nd period - Snap shot by Michael Bunting.
2:23 of 2nd period - Stopped by Ville Husso with a rebound.
2:25 of 2nd period - Wrist shot by Danton Heinen.
2:25 of 2nd period - Stopped by Ville Husso with a rebound.
3:00 of 2nd period - Slapshot by Alex Iafallo.
3:00 of 2nd period - Shot Misses the Net.
3:02 of 2nd period - Snap shot by Derek Forbort.
3:02 of 2nd period - Deflect By Adam Henrique.
3:02 of 2nd period - San Jose Sharks goal is going for a video replay.
3:02 of 2nd period - The goal is refused. The puck has been kicked using a distinct kicking motion..
3:03 of 2nd period - Mikko Rantanen wins face-off versus William Karlsson in Vancouver Canucks zone.
3:07 of 2nd period - Mikko Rantanen and William Karlsson fight to a draw.
3:07 of 2nd period - Penalty to Mikko Rantanen for Fighting.
3:07 of 2nd period - Penalty to William Karlsson for Fighting.
3:07 of 2nd period - Penalty to William Karlsson for instigated a fight.
3:07 of 2nd period - Penalty to William Karlsson for instigated a fight.
3:08 of 2nd period - Adam Henrique wins face-off versus Jesperi Kotkaniemi in San Jose Sharks zone.
3:08 of 2nd period - Adam Henrique is hit by Clayton Keller.
3:24 of 2nd period - Slapshot by Miro Heiskanen.
3:24 of 2nd period - Shot Blocked by Nikita Zadorov.
4:04 of 2nd period - Adam Henrique is hit by Kasperi Kapanen and loses puck.
4:19 of 2nd period - Mike Hoffman is hit by Artturi Lehkonen.
5:07 of 2nd period - Penalty to William Karlsson is over, Mike Hoffman is send on ice.
5:22 of 2nd period - Icing by Oliver Bjorkstrand.
5:23 of 2nd period - Anton Lundell wins face-off versus Michael Bunting in San Jose Sharks zone.
5:46 of 2nd period - Minor Penalty to Michael Bunting for Interference.
5:47 of 2nd period - Jesperi Kotkaniemi wins face-off versus Alex Iafallo in San Jose Sharks zone.
6:27 of 2nd period - Snap shot by Jesperi Kotkaniemi.
6:27 of 2nd period - Shot Misses the Net.
6:29 of 2nd period - Snap shot by Kasperi Kapanen.
6:29 of 2nd period - Shot Misses the Net.
6:31 of 2nd period - Snap shot by Kasperi Kapanen.
6:31 of 2nd period - Goal by Kasperi Kapanen - San Jose Sharks : 0 - Vancouver Canucks : 1.
6:32 of 2nd period - Adam Henrique wins face-off versus Anton Lundell in neutral zone.
7:30 of 2nd period - Casey Mittelstadt is hit by Joel Edmundson and loses puck.
8:03 of 2nd period - Snap shot by Clayton Keller.
8:03 of 2nd period - Shot Blocked by Connor Murphy.
8:40 of 2nd period - Olli Maatta is hit by Anthony Deangelo.
8:44 of 2nd period - Robby Fabbri is hit by Joel Edmundson and loses puck.
8:57 of 2nd period - Slapshot by Ty Dellandrea.
8:57 of 2nd period - Stopped by James Reimer without a rebound.
8:58 of 2nd period - Adam Henrique wins face-off versus Jesperi Kotkaniemi in San Jose Sharks zone.
9:05 of 2nd period - Snap shot by Adam Henrique.
9:05 of 2nd period - Goal by Adam Henrique - San Jose Sharks : 1 - Vancouver Canucks : 1.
9:06 of 2nd period - Mikko Rantanen wins face-off versus Adam Henrique in neutral zone.
9:13 of 2nd period - Snap shot by Clayton Keller.
9:13 of 2nd period - Stopped by James Reimer with a rebound.
9:48 of 2nd period - Icing by Kasperi Kapanen.
9:49 of 2nd period - Michael Bunting wins face-off versus Jesperi Kotkaniemi in Vancouver Canucks zone.
9:54 of 2nd period - Snap shot by Ryan Strome.
9:54 of 2nd period - Goal by Ryan Strome - San Jose Sharks : 2 - Vancouver Canucks : 1.
9:55 of 2nd period - Adam Henrique wins face-off versus Mikko Rantanen in neutral zone.
10:09 of 2nd period - Icing by Mikko Rantanen.
10:10 of 2nd period - Mikko Rantanen wins face-off versus Nicholas Paul in Vancouver Canucks zone.
10:15 of 2nd period - Slapshot by Andreas Athanasiou.
10:15 of 2nd period - Stopped by Ville Husso with a rebound.
10:17 of 2nd period - Slapshot by Jacob Middleton.
10:17 of 2nd period - Stopped by Ville Husso without a rebound.
10:18 of 2nd period - Nicholas Paul wins face-off versus Mikko Rantanen in Vancouver Canucks zone.
10:49 of 2nd period - Off-side.
10:50 of 2nd period - Ty Dellandrea wins face-off versus Adam Henrique in neutral zone.
11:21 of 2nd period - Slapshot by Clayton Keller.
11:21 of 2nd period - Stopped by James Reimer without a rebound.
11:22 of 2nd period - Mikko Rantanen wins face-off versus Michael Bunting in San Jose Sharks zone.
11:35 of 2nd period - Snap shot by Oliver Bjorkstrand.
11:35 of 2nd period - Stopped by Ville Husso without a rebound.
11:36 of 2nd period - Clayton Keller wins face-off versus Ryan Hartman in Vancouver Canucks zone.
11:51 of 2nd period - Wrist shot by Clayton Keller.
11:51 of 2nd period - Stopped by James Reimer with a rebound.
11:53 of 2nd period - Snap shot by Mikko Rantanen.
11:53 of 2nd period - Shot Misses the Net.
12:03 of 2nd period - Noah Hanifin is hit by Michael Bunting and loses puck.
12:24 of 2nd period - Snap shot by Nicholas Paul.
12:24 of 2nd period - Stopped by Ville Husso without a rebound.
12:25 of 2nd period - Nicholas Paul wins face-off versus Ty Dellandrea in Vancouver Canucks zone.
12:52 of 2nd period - Adam Henrique is hit by Clayton Keller and loses puck.
13:23 of 2nd period - Snap shot by Taylor Raddysh.
13:23 of 2nd period - Shot Misses the Net.
13:43 of 2nd period - Wrist shot by Oliver Bjorkstrand.
13:43 of 2nd period - Stopped by Ville Husso with a rebound.
13:49 of 2nd period - Anthony Deangelo is hit by Sam Lafferty and loses puck.
14:24 of 2nd period - Wrist shot by Mikko Rantanen.
14:24 of 2nd period - Shot Misses the Net.
14:26 of 2nd period - Wrist shot by Mikko Rantanen.
14:26 of 2nd period - Stopped by James Reimer without a rebound.
14:27 of 2nd period - Michael Bunting wins face-off versus Mikko Rantanen in San Jose Sharks zone.
14:27 of 2nd period - Michael Bunting is hit by Adam Boqvist.
14:47 of 2nd period - Slapshot by Adam Boqvist.
14:47 of 2nd period - Stopped by James Reimer with a rebound.
15:40 of 2nd period - Snap shot by Michael Bunting.
15:40 of 2nd period - Shot Misses the Net.
15:52 of 2nd period - Noah Cates is hit by Nicholas Paul and loses puck.
16:21 of 2nd period - Ryan Hartman is hit by Casey Mittelstadt and loses puck.
16:28 of 2nd period - Jesperi Kotkaniemi is hit by Nikita Zadorov.
17:04 of 2nd period - Wrist shot by Ryan Hartman.
17:04 of 2nd period - Shot Misses the Net.
17:06 of 2nd period - Snap shot by Adam Henrique.
17:06 of 2nd period - Shot Misses the Net.
17:08 of 2nd period - Snap shot by Derek Forbort.
17:08 of 2nd period - Shot Blocked by Kasperi Kapanen.
17:14 of 2nd period - Minor Penalty to Ty Dellandrea for Interference.
17:15 of 2nd period - Sam Lafferty wins face-off versus Michael Bunting in Vancouver Canucks zone.
17:24 of 2nd period - Slapshot by Anthony Deangelo.
17:24 of 2nd period - Shot Blocked by Sam Lafferty.
17:26 of 2nd period - Snap shot by Oliver Bjorkstrand.
17:26 of 2nd period - Stopped by Ville Husso without a rebound.
17:27 of 2nd period - Michael Bunting wins face-off versus Sam Lafferty in Vancouver Canucks zone.
18:07 of 2nd period - 10 Minutes Misconduct Penalty to William Karlsson is over.
19:14 of 2nd period - Penalty to Ty Dellandrea is over, Ty Dellandrea is back on ice.
19:21 of 2nd period - Slapshot by Miro Heiskanen.
19:21 of 2nd period - Stopped by James Reimer with a rebound.
19:23 of 2nd period - Wrist shot by Maxence Guenette.
19:23 of 2nd period - Shot Misses the Net.
19:25 of 2nd period - Snap shot by Ty Dellandrea.
19:25 of 2nd period - Stopped by James Reimer with a rebound.
19:29 of 2nd period - Snap shot by Robby Fabbri.
19:29 of 2nd period - Deflect By Ty Dellandrea.
19:29 of 2nd period - Shot Hit the Post.
19:29 of 2nd period - Puck is out of play.
19:30 of 2nd period - Ty Dellandrea wins face-off versus Nicholas Paul in San Jose Sharks zone.
19:45 of 2nd period - Andreas Athanasiou is hit by Ty Dellandrea and loses puck.
Goals for this period are 2 for San Jose Sharks vs 1 for Vancouver Canucks.
Shots for this period are 13 for San Jose Sharks vs 9 for Vancouver Canucks.
3rd period
0:01 of 3rd period - Mikko Rantanen wins face-off versus William Karlsson in neutral zone.
0:50 of 3rd period - Snap shot by Robby Fabbri.
0:50 of 3rd period - Deflect By Casey Mittelstadt.
0:50 of 3rd period - Shot Misses the Net.
0:50 of 3rd period - Puck is out of play.
0:51 of 3rd period - Nicholas Paul wins face-off versus Jesperi Kotkaniemi in San Jose Sharks zone.
0:56 of 3rd period - Wrist shot by Travis Boyd.
0:56 of 3rd period - Shot Misses the Net.
2:30 of 3rd period - Slapshot by Andreas Athanasiou.
2:30 of 3rd period - Goal by Andreas Athanasiou - San Jose Sharks : 3 - Vancouver Canucks : 1.
2:31 of 3rd period - William Karlsson wins face-off versus Mikko Rantanen in neutral zone.
2:38 of 3rd period - Slapshot by William Karlsson.
2:38 of 3rd period - Goal by William Karlsson - San Jose Sharks : 4 - Vancouver Canucks : 1.
2:39 of 3rd period - Mikko Rantanen wins face-off versus William Karlsson in neutral zone.
3:08 of 3rd period - Miro Heiskanen is hit by Ryan Strome and loses puck.
3:14 of 3rd period - Icing by Nikita Zadorov.
3:15 of 3rd period - William Karlsson wins face-off versus Ty Dellandrea in San Jose Sharks zone.
3:29 of 3rd period - Wrist shot by William Karlsson.
3:29 of 3rd period - Deflect By Oliver Bjorkstrand.
3:29 of 3rd period - Shot Blocked by Jake Bean.
3:29 of 3rd period - Puck is out of play.
3:30 of 3rd period - Jesperi Kotkaniemi wins face-off versus Adam Henrique in Vancouver Canucks zone.
3:57 of 3rd period - Miro Heiskanen is hit by Nicholas Paul and loses puck.
4:24 of 3rd period - Wrist shot by Robby Fabbri.
4:24 of 3rd period - Shot Misses the Net.
5:22 of 3rd period - Snap shot by Kasperi Kapanen.
5:22 of 3rd period - Shot Misses the Net.
5:26 of 3rd period - Wrist shot by Kasperi Kapanen.
5:26 of 3rd period - Stopped by James Reimer without a rebound.
5:27 of 3rd period - Nicholas Paul wins face-off versus Ty Dellandrea in San Jose Sharks zone.
5:34 of 3rd period - Wrist shot by Kasperi Kapanen.
5:34 of 3rd period - Shot Misses the Net.
5:36 of 3rd period - Slapshot by Ty Dellandrea.
5:36 of 3rd period - Deflect By Robby Fabbri.
5:36 of 3rd period - Shot Misses the Net.
5:36 of 3rd period - Puck is out of play.
5:37 of 3rd period - Ty Dellandrea wins face-off versus Adam Henrique in San Jose Sharks zone.
5:49 of 3rd period - Minor Penalty to Anthony Deangelo for Interference.
5:50 of 3rd period - Jesperi Kotkaniemi wins face-off versus Alex Iafallo in San Jose Sharks zone.
5:58 of 3rd period - Snap shot by Clayton Keller.
5:58 of 3rd period - Stopped by James Reimer with a rebound.
6:00 of 3rd period - Wrist shot by Jake Bean.
6:00 of 3rd period - Shot Misses the Net.
6:22 of 3rd period - Snap shot by Clayton Keller.
6:22 of 3rd period - Shot Misses the Net.
6:24 of 3rd period - Slapshot by Miro Heiskanen.
6:24 of 3rd period - Stopped by James Reimer without a rebound.
6:25 of 3rd period - Casey Mittelstadt wins face-off versus Alex Iafallo in San Jose Sharks zone.
6:52 of 3rd period - Noah Hanifin is hit by Joel Edmundson and loses puck.
7:07 of 3rd period - Minor Penalty to Anton Lundell for Elbowing.
7:08 of 3rd period - Adam Henrique wins face-off versus Clayton Keller in Vancouver Canucks zone.
7:13 of 3rd period - Snap shot by William Karlsson.
7:13 of 3rd period - Shot Hit the Post.
7:15 of 3rd period - Slapshot by Nikita Zadorov.
7:15 of 3rd period - Stopped by Ville Husso without a rebound.
7:16 of 3rd period - Adam Henrique wins face-off versus Clayton Keller in Vancouver Canucks zone.
7:17 of 3rd period - Slapshot by William Karlsson.
7:17 of 3rd period - Deflect By Adam Henrique.
7:17 of 3rd period - Shot Blocked by Noah Hanifin.
7:17 of 3rd period - Puck is out of play.
7:18 of 3rd period - Adam Henrique wins face-off versus Clayton Keller in Vancouver Canucks zone.
7:33 of 3rd period - Snap shot by Mikko Rantanen.
7:33 of 3rd period - Stopped by James Reimer without a rebound.
7:34 of 3rd period - Alex Iafallo wins face-off versus Clayton Keller in San Jose Sharks zone.
7:49 of 3rd period - Penalty to Anthony Deangelo is over, Anthony Deangelo is back on ice.
7:49 of 3rd period - Slapshot by Alex Iafallo.
7:49 of 3rd period - Stopped by Ville Husso with a rebound.
7:53 of 3rd period - Wrist shot by Ryan Hartman.
7:53 of 3rd period - Goal by Ryan Hartman - San Jose Sharks : 5 - Vancouver Canucks : 1.
7:54 of 3rd period - Adam Henrique wins face-off versus Mikko Rantanen in neutral zone.
8:05 of 3rd period - Slapshot by Noah Hanifin.
8:05 of 3rd period - Stopped by James Reimer without a rebound.
8:06 of 3rd period - Mikko Rantanen wins face-off versus Adam Henrique in San Jose Sharks zone.
8:28 of 3rd period - Icing by Mikko Rantanen.
8:29 of 3rd period - Ryan Strome wins face-off versus Mikko Rantanen in Vancouver Canucks zone.
8:29 of 3rd period - Connor Murphy beats up Mikko Rantanen.
8:29 of 3rd period - Penalty to Mikko Rantanen for Fighting.
8:29 of 3rd period - Penalty to Connor Murphy for Fighting.
8:30 of 3rd period - Ryan Strome wins face-off versus Anton Lundell in Vancouver Canucks zone.
8:45 of 3rd period - Wrist shot by Ryan Strome.
8:45 of 3rd period - Shot Misses the Net.
8:57 of 3rd period - Nikita Zadorov is hit by Miro Heiskanen and loses puck.
9:24 of 3rd period - Slapshot by Andreas Athanasiou.
9:24 of 3rd period - Deflect By Nicholas Paul.
9:24 of 3rd period - Stopped by Ville Husso with a rebound.
9:38 of 3rd period - Nikita Zadorov is hit by Clayton Keller and loses puck.
10:42 of 3rd period - Minor Penalty to Clayton Keller for Tripping.
10:43 of 3rd period - Sam Lafferty wins face-off versus Adam Henrique in Vancouver Canucks zone.
10:53 of 3rd period - Icing by Alex Iafallo.
10:54 of 3rd period - Adam Henrique wins face-off versus Sam Lafferty in San Jose Sharks zone.
11:02 of 3rd period - Icing by Jacob Middleton.
11:03 of 3rd period - Adam Henrique wins face-off versus Sam Lafferty in San Jose Sharks zone.
11:18 of 3rd period - Wrist shot by Alex Iafallo.
11:18 of 3rd period - Shot Blocked by Olli Maatta.
11:20 of 3rd period - Wrist shot by Adam Henrique.
11:20 of 3rd period - Stopped by Ville Husso with a rebound.
11:22 of 3rd period - Slapshot by Ryan Hartman.
11:22 of 3rd period - Stopped by Ville Husso with a rebound.
11:36 of 3rd period - Snap shot by Alex Iafallo.
11:36 of 3rd period - Stopped by Ville Husso with a rebound.
11:38 of 3rd period - Slapshot by Anthony Deangelo.
11:38 of 3rd period - Stopped by Ville Husso with a rebound.
11:40 of 3rd period - Backhand shot by Jacob Middleton.
11:40 of 3rd period - Shot Misses the Net.
11:44 of 3rd period - Snap shot by Adam Henrique.
11:44 of 3rd period - Stopped by Ville Husso with a rebound.
11:46 of 3rd period - Snap shot by Ryan Hartman.
11:46 of 3rd period - Stopped by Ville Husso with a rebound.
12:04 of 3rd period - Jacob Middleton is hit by Jake Bean and loses puck.
12:31 of 3rd period - Backhand shot by Adam Henrique.
12:31 of 3rd period - Goal by Adam Henrique - San Jose Sharks : 6 - Vancouver Canucks : 1.
12:32 of 3rd period - William Karlsson wins face-off versus Ty Dellandrea in neutral zone.
13:13 of 3rd period - Snap shot by Kasperi Kapanen.
13:13 of 3rd period - Shot Hit the Post.
13:23 of 3rd period - Wrist shot by Robby Fabbri.
13:23 of 3rd period - Shot Misses the Net.
14:30 of 3rd period - Jake Bean is hit by Joel Edmundson and loses puck.
15:17 of 3rd period - Casey Mittelstadt is hit by Connor Murphy and loses puck.
16:00 of 3rd period - Backhand shot by Mike Hoffman.
16:00 of 3rd period - Shot Misses the Net.
16:37 of 3rd period - Wrist shot by Taylor Raddysh.
16:37 of 3rd period - Shot Misses the Net.
16:39 of 3rd period - Slapshot by Adam Boqvist.
16:39 of 3rd period - Stopped by James Reimer without a rebound.
16:40 of 3rd period - Anton Lundell wins face-off versus Adam Henrique in San Jose Sharks zone.
17:01 of 3rd period - Joel Edmundson is hit by Jake Bean and loses puck.
17:22 of 3rd period - Snap shot by Taylor Raddysh.
17:22 of 3rd period - Stopped by James Reimer without a rebound.
17:23 of 3rd period - Mikko Rantanen wins face-off versus William Karlsson in San Jose Sharks zone.
17:28 of 3rd period - Snap shot by Clayton Keller.
17:28 of 3rd period - Shot Blocked by Ryan Strome.
17:30 of 3rd period - Wrist shot by Clayton Keller.
17:30 of 3rd period - Stopped by James Reimer with a rebound.
17:32 of 3rd period - Backhand shot by Mikko Rantanen.
17:32 of 3rd period - Shot Misses the Net.
17:34 of 3rd period - Slapshot by Noah Hanifin.
17:34 of 3rd period - Stopped by James Reimer with a rebound.
17:36 of 3rd period - Snap shot by Noah Hanifin.
17:36 of 3rd period - Deflect By Artturi Lehkonen.
17:36 of 3rd period - Stopped by James Reimer with a rebound.
17:38 of 3rd period - Slapshot by Noah Hanifin.
17:38 of 3rd period - Stopped by James Reimer with a rebound.
17:40 of 3rd period - Snap shot by Clayton Keller.
17:40 of 3rd period - Shot Blocked by Oliver Bjorkstrand.
18:12 of 3rd period - Connor Murphy beats up Sam Lafferty.
18:12 of 3rd period - Penalty to Sam Lafferty for Fighting.
18:12 of 3rd period - Penalty to Connor Murphy for Fighting.
18:13 of 3rd period - Adam Henrique wins face-off versus Mikko Rantanen in Vancouver Canucks zone.
18:24 of 3rd period - Snap shot by Alex Iafallo.
18:24 of 3rd period - Stopped by Ville Husso with a rebound.
18:40 of 3rd period - Anthony Deangelo is hit by Noah Hanifin and loses puck.
18:47 of 3rd period - Slapshot by Ryan Strome.
18:47 of 3rd period - Stopped by Ville Husso with a rebound.
19:14 of 3rd period - Jacob Middleton is hit by Taylor Raddysh and loses puck.
19:21 of 3rd period - Slapshot by Jake Bean.
19:21 of 3rd period - Deflect By Anton Lundell.
19:21 of 3rd period - Stopped by James Reimer with a rebound.
19:36 of 3rd period - Minor Penalty to Adam Boqvist for Tripping.
19:37 of 3rd period - Mikko Rantanen wins face-off versus Ryan Strome in Vancouver Canucks zone.
19:45 of 3rd period - Snap shot by Mikko Rantanen.
19:45 of 3rd period - Deflect By Artturi Lehkonen.
19:45 of 3rd period - Stopped by James Reimer with a rebound.
19:47 of 3rd period - Slapshot by Olli Maatta.
19:47 of 3rd period - Shot Misses the Net.
19:49 of 3rd period - Slapshot by Olli Maatta.
19:49 of 3rd period - Deflect By Mikko Rantanen.
19:49 of 3rd period - Stopped by James Reimer with a rebound.
19:51 of 3rd period - Snap shot by Artturi Lehkonen.
19:51 of 3rd period - Stopped by James Reimer with a rebound.
19:53 of 3rd period - Slapshot by Noah Hanifin.
19:53 of 3rd period - Shot Hit the Post.
Goals for this period are 4 for San Jose Sharks vs 0 for Vancouver Canucks.
Shots for this period are 15 for San Jose Sharks vs 15 for Vancouver Canucks.
Back to the Top